 Dungeon Crawl Stone Soup version 0.25-a0-576-g50b708a4c4 (webtiles) character file.

Game seed: 16308004484532643504, levelgen mode: deterministic

130 Flugslaktarn the Shield-Bearer (level 4, -3/42 HPs)
             Began as a Deep Dwarf Fighter on Mar 2, 2020.
             Slain by an ogre
             ... wielding a +0 giant spiked club
              (19 damage)
             ... on level 4 of the Dungeon.
             The game lasted 00:00:43 (820 turns).

Flugslaktarn the Shield-Bearer (Deep Dwarf Fighter)  Turns: 820, Time: 00:00:44

Health: -3/42      AC:  8    Str: 21    XL:     4   Next: 90%
Magic:  3/3        EV:  7    Int:  8    God:
Gold:   60         SH:  9    Dex: 12    Spells: 3/3 levels left

rFire    . . .     SeeInvis .   a - +0 war axe
rCold    . . .     Gourm    .   c - +0 kite shield
rNeg     . . .     Faith    .   b - +0 scale mail
rPois    .         Spirit   .   q - +0 helmet
rElec    .         Reflect  .   (no cloak)
rCorr    .         Harm     .   (no gloves)
MR       .....                  (no boots)
Stlth    ..........             (no amulet)
HPRegen  0.00/turn              (no ring)
MPRegen  0.08/turn              (no ring)

@: non-regenerating
A: damage resistance, heal wounds, sense surroundings 1, no regeneration
a: Heal Wounds


You were on level 4 of the Dungeon.
You were not hungry.

You visited 1 branch of the dungeon, and saw 4 of its levels.

You collected 60 gold pieces.

Inventory:

Hand Weapons
 a - a +0 war axe (weapon)
Armour
 b - a +0 scale mail (worn)
 c - a +0 kite shield (worn)
 q - a +0 helmet (worn)
   (You found it on level 2 of the Dungeon)
Jewellery
 f - an uncursed ring of magical power {unknown}
   (You found it on level 1 of the Dungeon)
Scrolls
 h - a scroll of fear {unknown}
 i - 2 scrolls of identify {unknown}
 k - a scroll of random uselessness {unknown}
 l - a scroll of teleportation {unknown}
 s - a scroll of remove curse {unknown}
 t - a scroll of noise {unknown}
Potions
 d - 2 potions of might
 j - 2 potions of cancellation {unknown}
 m - 2 potions of haste {unknown}
 n - a potion of curing {unknown}
 o - a potion of heal wounds {unknown}
 p - a potion of degeneration {unknown}
 r - 2 potions of resistance {unknown}
Comestibles
 e - 6 rations
 g - 13 chunks of flesh


   Skills:
 + Level 3.2 Fighting
 * Level 4.0 Axes
 + Level 4.0 Armour
 + Level 4.0 Shields


You had 3 spell levels left.
You didn't know any spells.
Your spell library was empty.

Dungeon Overview and Level Annotations

Branches:
Dungeon (4/15)
 Temple: D:4-7

Altars:
Nemelex Xobeh
The Shining One

Annotations:
D:4 1 transporter


Innate Abilities, Weirdness & Mutations

You are resistant to damage.
You can heal yourself by infusing magical energy.
You passively map a small area around you.
You do not regenerate.


Message History

An ogre is nearby!
The ogre hits you with a +0 giant spiked club.
You hit the ogre.
The ogre is lightly wounded.
You block the ogre's attack.
You hit the ogre.
The ogre is moderately wounded.
The ogre hits you with a +0 giant spiked club!
You hit the ogre but do no damage.
The ogre is lightly wounded.
The ogre hits you with a +0 giant spiked club.
You barely miss the ogre.
The ogre is lightly wounded.
The ogre hits you with a +0 giant spiked club.
You hit the ogre.
The ogre is moderately wounded.
You slash the ogre!
The ogre is severely wounded.
The ogre hits you with a +0 giant spiked club!!
You die...

,
...........#####............
,
.........#........#.........
.#########..####.###########
................... , ,
+##########..###.### * * ,
#............. , ,
#.####..##....,, , * ,
#.#####.##.### * **
*#...O@......... , ,*
*########.#.##.. ...# ,, , ,
#..# * ..# , * * ..#* * _ *
*..# * ** * * > ,


You could see an ogre.

Vanquished Creatures
  An orc priest (D:4)
  A centaur skeleton (D:4)
  2 adders (D:4)
  An ooze (D:4)
  A worm (D:2)
  7 orcs (D:4)
  A giant cockroach (D:4)
  6 goblins
  4 hobgoblins
  6 kobolds
  2 quokkas (D:2)
  2 bats
  3 frilled lizards
  4 rats
41 creatures vanquished.

Notes
Turn   | Place    | Note
-------+----------+-------------------------------------------
     0 | D:1      | Flugslaktarn the Deep Dwarf Fighter began the quest for the
                  | Orb.
     0 | D:1      | Reached XP level 1. HP: 20/20 MP: 1/1
    77 | D:1      | Found a glowing golden altar of the Shining One.
   173 | D:1      | Reached XP level 2. HP: 24/27 MP: 2/2
   540 | D:2      | Reached XP level 3. HP: 22/33 MP: 3/3
   720 | D:4      | Reached XP level 4. HP: 41/42 MP: 3/3
   724 | D:4      | Found a sparkling altar of Nemelex Xobeh.
   794 | D:4      | Found a transporter.
   797 | D:4      | Noticed a phantom
   812 | D:4      | Noticed an ogre
   820 | D:4      | Slain by an ogre

Levels and vault maps discovered:
D:1:      evilmike_arrival_hilbert_curve, layout_rooms, tso_metal_star
D:2:      layout_loops_ring, nicolae_ru_path_of_blood
D:3:      layout_loops_ring, uniq_crazy_yiuf_cottage
D:4:      layout_basic, grunt_qazlal_sundering, lemuel_coloured_pillars_altar,
          nicolae_overflow_crystal_walls, gammafunk_ghost_abyssal_escape,
          chequers_serial_rivers_room_a, uniq_ijyb, uniq_grinder, uniq_pikel

Skill      XL: |  1  2  3  4 |
---------------+-------------+-----
Axes           | 3 4 |  4.0
Fighting       | 3 |  3.2
Shields        | 4 |  4.0
Armour         | 4 |  4.0

Action                   |  1- 3 |  4- 6 || total
-------------------------+-------+-------++-------
Melee: War axe           |    86 |    29 ||   115
 Abil: Heal Wounds       |     2 |       ||     2
Armor: Scale mail        |    32 |    20 ||    52
Dodge: Dodged            |    27 |    11 ||    38
Block: Kite shield       |    41 |    15 ||    56

Table legend:
 A = Non-vault XP
 B = Vault XP
 C = Vault XP percentage of total XP
 D = Non-vault monster count
 E = Vault monster count
 F = Vault count percentage of total count
                 A         B        C        D         E       F
            +---------+---------+-------+---------+---------+-------
      Total |     187 |       0 |   0.0 |      41 |       0 |   0.0
            +---------+---------+-------+---------+---------+-------
        D:1 |      19 |       0 |   0.0 |      11 |       0 |   0.0
        D:2 |      25 |       0 |   0.0 |      14 |       0 |   0.0
        D:3 |       3 |       0 |   0.0 |       2 |       0 |   0.0
        D:4 |     140 |       0 |   0.0 |      14 |       0 |   0.0
            +---------+---------+-------+---------+---------+-------
